 Dungeon Sprint DCSS version 0.30-a0-715-gdb4ae3ece1 (webtiles) character file.

Game seed: 17512803408161398449

48 rocky1 the Demonic Catastrophe (level 7, -8/60 HPs)
             Began as a Demonspawn Gladiator on Jan 24, 2023.
             Was an Elder of Qazlal.
             Mangled by an air elemental (12 damage)
             ... in the Dungeon (Sprint VI: "Thunderdome").
             The game lasted 00:03:47 (414 turns).

rocky1 the Demonic Catastrophe (DsGl)                Turns: 414, Time: 00:03:49

Health: -8/60      AC:  3    Str: 16    XL:     7   Next: 26%
Magic:  16/16      EV: 12    Int: 10    God:    Qazlal [****..]
Gold:   280        SH:  5    Dex: 14    Spells: 6/6 levels left

rFire   . . .      SeeInvis .    f - +5 mace (freeze)
rCold   . . .      Faith    .    (no shield)
rNeg    . . .      Spirit   .    b - +0 leather armour
rPois   .          Reflect  .    (helmet restricted)
rElec   .          Harm     .    (no cloak)
rCorr   .          Rampage  .    (no gloves)
Will    .....      NoTele   +    (no boots)
Stlth   +                        (no amulet)
HPRegen 0.30/turn                (no ring)
MPRegen 0.15/turn                (no ring)

@: repel missiles
A: antennae 2, hooves 1, weakness stinger 1
a: Renounce Religion, Upheaval, Elemental Force


You were in the Dungeon.
You worshipped Qazlal.
Qazlal was greatly pleased with you.
You visited 1 branch You collected 280 gold pieces.

Inventory:

Hand Weapons
 a - a +0 flail
 f - a +5 mace of freezing (weapon)
Missiles
 d - 3 throwing nets (quivered)
 e - a javelin
Armour
 b - a +0 leather armour (worn)
 c - a +0 helmet
Wands
 m - a wand of acid (3)
 n - a wand of roots (4)
Scrolls
 k - 4 scrolls of blinking
 o - 3 scrolls of fog
Potions
 g - a potion of heal wounds
 h - 4 potions of haste
 i - 2 potions of magic
 j - a potion of berserk rage
 l - a potion of resistance


   Skills:
 + Level 7.2 Fighting
 * Level 9.7 Maces & Flails
 - Level 2.1 Throwing
 - Level 3.5 Dodging
 * Level 12.4 Invocations


You had 6 spell levels left.
You didn't know any spells.
Your spell library was empty.

Dungeon Overview and Level Annotations

Branches:
Dungeon (1/1)

Altars:
Cheibriados
Dithmenos
Fedhas
Gozag
Kikubaaqudgha
Makhleb
Okawaru
Qazlal
Ru
Sif Muna
Trog
Uskayaw
Vehumet
Wu Jian
Xom
Yredelemnul
Lugonu

Shops:
D *[??*?*:[((!!!!


Innate Abilities, Weirdness & Mutations

You have a pair of antennae on your head.
You have large cloven feet.
You have a small tail.


Message History

Your kick misses the steam dragon.
Your tail-slap misses the steam dragon.
The steam dragon is severely wounded.
The steam dragon is engulfed in blazing flames.
The steam dragon barely misses you. You block the steam dragon's attack.
You closely miss the steam dragon. You kick the steam dragon.
The steam dragon is severely wounded.
The steam dragon is engulfed in blazing flames.
You kill the steam dragon!
Qazlal accepts your kill.
The storm surrounding you is now powerful enough to repel missiles.
You will now adapt resistances upon receiving elemental damage.
Your Fighting skill increases to level 7!
Your Invocations skill increases to level 12!
You see here a sky beast corpse.
You start resting.
You sense a monster nearby.
An air elemental comes into view.
You feel much better. The air elemental hits you!
A steam dragon comes into view.
You hit the air elemental. You freeze the air elemental.
Your kick misses the air elemental.
The air elemental is moderately damaged.
You block the air elemental's attack. The air elemental hits you!
You closely miss the air elemental.
The air elemental is lightly damaged.
The air elemental hits you! x2
* * * LOW HITPOINT WARNING * * *
The air elemental hits you!
* * * LOW HITPOINT WARNING * * *
You barely miss the air elemental.
The air elemental is lightly damaged.
You block the air elemental's attack.
The air elemental hits you but does no damage.
Unknown command.
You feel much better. The air elemental hits you!
* * * LOW HITPOINT WARNING * * *
The air elemental hits you.
* * * LOW HITPOINT WARNING * * *
The air elemental hits you!
You die...

#_.......
###........
#⌠.........
######.8........
##._._..†...###..
###∩........8.# #.8
##.............###..
#§○°........###...##
#⌠E@°.......# #.<.#
#⌠○.°.......###†..##
##.☼...........###..
###∩.....[..8.# #.8
##∩_D_......###..
######.8........
#§.........
###........
#........


You could see an air elemental and a steam dragon.

Vanquished Creatures
  Sigmund (D)
  A steam dragon (D)
  3 sky beasts (D)
  A wight (D)
  2 adders (D)
  An adder zombie (D)
  A bat zombie (D)
  A hobgoblin (D)
  A ball python skeleton (D)
  A frilled lizard (D)
  A jackal skeleton (D)
14 creatures vanquished.

Notes
Turn   | Place    | Note
-------+----------+-------------------------------------------
     0 | D        | rocky1 the Demonspawn Gladiator began the quest for the
                  | Orb.
     0 | D        | Reached XP level 1. HP: 16/16 MP: 1/1
     3 | D        | Found a basalt altar of Yredelemnul.
     3 | D        | Found a sacrificial altar of Ru.
     4 | D        | Found a corrupted altar of Lugonu.
     5 | D        | Found a burning altar of Makhleb.
     5 | D        | Found a shadowy altar of Dithmenos.
     5 | D        | Round 1.
     6 | D        | Found a stormy altar of Qazlal.
     6 | D        | Found an iron altar of Okawaru.
     6 | D        | Found Camoma Siluu's Identification Station.
     7 | D        | Found Xesa's Jewellery.
     7 | D        | Found Biydosta's Advanced Armour.
    17 | D        | Became a worshipper of Qazlal Stormbringer
    20 | D        | Discovered your monstrous ancestry.
    20 | D        | Gained mutation: You have a small tail. [demonic ancestry]
    20 | D        | Reached XP level 2. HP: 22/22 MP: 2/2
    32 | D        | Found a radiant altar of Vehumet.
    33 | D        | Found Cotimm's Magic Scroll Shop.
    34 | D        | Found Enemeasisk's Magic Scroll Shop.
    34 | D        | Found Satuefeoh's Must-Have Magic.
    35 | D        | Found an ancient bone altar of Kikubaaqudgha.
    35 | D        | Found an ornate altar of the Wu Jian Council.
    35 | D        | Found Nibityib's Staff Store.
    40 | D        | Reached skill level 2 in Invocations
    45 | D        | Found a blossoming altar of Fedhas.
    46 | D        | Found a shimmering blue altar of Sif Muna.
    51 | D        | Found Duypt's Distillery.
    52 | D        | Found Vowih's Distillery.
    52 | D        | Found Fethosibu's Bottled Wisdom.
    54 | D        | Found a hide-covered altar of Uskayaw.
    54 | D        | Found an opulent altar of Gozag.
    54 | D        | Found a shimmering altar of Xom.
    54 | D        | Found Xuaboshre's Do-It-Yourself Clinic.
    59 | D        | Found a snail-covered altar of Cheibriados.
    60 | D        | Found a bloodstained altar of Trog.
    62 | D        | Found Niforrau's Weapon Rack.
    64 | D        | Found Baoczoc's Premium Goods.
    66 | D        | Found Atyun's Basic Armour.
    66 | D        | Found Faerit's Miscellaneous Merchandise.
    74 | D        | Noticed Sigmund
   104 | D        | Killed Sigmund
   104 | D        | Reached * piety under Qazlal
   105 | D        | Reached skill level 5 in Fighting
   105 | D        | Reached skill level 8 in Invocations
   105 | D        | Gained mutation: You have a pair of small antennae on your
                  | head. [demonic ancestry]
   105 | D        | Reached XP level 3. HP: 26/33 MP: 3/8
   105 | D        | Reached XP level 4. HP: 31/39 MP: 3/10
   105 | D        | Reached XP level 5. HP: 35/44 MP: 3/11
   119 | D        | Arena points: 12 (+12) [x2]
   169 | D        | Round 2.
   176 | D        | Reached ** piety under Qazlal
   177 | D        | Reached skill level 9 in Invocations
   237 | D        | Reached *** piety under Qazlal
   237 | D        | Arena points: 48 (+36) [x3]
   284 | D        | Round 3.
   292 | D        | Noticed a sky beast
   297 | D        | Killed a sky beast
   298 | D        | Reached skill level 10 in Invocations
   298 | D        | Gained mutation: You have a pair of antennae on your head.
                  | [demonic ancestry]
   298 | D        | Reached XP level 6. HP: 44/52 MP: 11/13
   310 | D        | Noticed a sky beast
   321 | D        | Killed a sky beast
   322 | D        | Reached skill level 11 in Invocations
   358 | D        | Noticed a sky beast
   366 | D        | Killed a sky beast
   367 | D        | Gained mutation: You have large cloven feet. [demonic
                  | ancestry]
   367 | D        | Reached XP level 7. HP: 39/59 MP: 15/15
   398 | D        | Noticed a steam dragon
   407 | D        | Killed a steam dragon
   407 | D        | Reached **** piety under Qazlal
   408 | D        | Reached skill level 12 in Invocations
   410 | D        | Noticed an air elemental
   410 | D        | Noticed a steam dragon
   414 | D        | Mangled by an air elemental

Illustrated notes

Levels and vault maps discovered:
D:        arena_sprint

Skill      XL: |  1  2  3  4  5  6  7 |
---------------+----------------------+-----
Maces & Flails | 3 6 8 9 |  9.7
Throwing       | 2 |  2.1
Dodging        | 3 |  3.5
Invocations    | 8 10 11 12 | 12.4
Fighting       | 5 6 7 |  7.2

Action                     |  1- 3 |  4- 6 |  7- 9 || total
---------------------------+-------+-------+-------++-------
  Melee: Flail             |    13 |     7 |       ||    20
         Mace              |       |    29 |     8 ||    37
         Tailslap          |       |     6 |       ||     6
         Kick              |       |       |     2 ||     2
  Evoke: Wand              |     3 |       |       ||     3
    Use: Potion            |     1 |     1 |     2 ||     4
 Armour: Leather armour    |     3 |     6 |     1 ||    10
  Dodge: Dodged            |    12 |     9 |     3 ||    24
  Block: Other             |       |     3 |     4 ||     7

Table legend: (Time is in decaauts)
 A = Elapsed time spent in this place.
 B = Non-inter-level travel time spent in this place.
 C = Inter-level travel time spent in this place.
 D = Time resting spent in this place.
 E = Time spent auto-exploring this place.
 F = Levels seen in this place.
 G = Mean time per level.
                   A        B        C        D        E       F      G
               +--------+--------+--------+--------+--------+-----+--------+
         Total |    416 |    416 |      0 |    149 |      0 |   1 |  416.0 |
       Dungeon |    416 |    416 |      0 |    149 |      0 |   1 |  416.0 |
               +--------+--------+--------+--------+--------+-----+--------+

Top non-repeatable levels by time:
       D: 416 daAuts
